TOP OF THE 1ST |
San Jose Missions batting - Pitching for Albuquerque Isotopes : RHP Jason Dodd
|
Pitching: RHP Jason Dodd
|
|
Batting: RHB José Martínez
|
0-0: Called Strike 0-1: Ball 1-1: Foul Ball, location: 2F 1-2: DOUBLE (Flyball, 89XD)
|
Batting: LHB Raúl García
|
0-0: Ball 1-0: Ball 2-0: Ball 3-0: Base on Balls
|
Batting: RHB Ed Starr
|
0-0: Ball 1-0: Ball 2-0: Fly out, F9 (Popup, 9S)
|
Batting: LHB Miguel Montés
|
0-0: Called Strike 0-1: Swinging Strike 0-2: Foul Ball, location: 2F 0-2: Grounds into double play, 3-6-3 (Groundball, 3)
|
Top of the 1st over - 0 run(s), 1 hit(s), 0 error(s), 1 left on base; San Jose 0 - Albuquerque 0 |
BOTTOM OF THE 1ST |
Albuquerque Isotopes batting - Pitching for San Jose Missions : LHP Ron Seccombe
|
Pitching: LHP Ron Seccombe
|
|
Batting: SHB José Sosa
|
0-0: Ball 1-0: Ball 2-0: SINGLE (Line Drive, 4D)
|
Batting: RHB Chris Terry
|
0-0: Ground out 5-3 (Groundball, 56S) José Sosa to second
|
Batting: RHB José Bautista
|
0-0: Ball 1-0: SINGLE (Groundball, 34D) José Sosa to third Runner from 3rd tries for Home, SAFE, no throw or cutoff
|
Batting: LHB Manny Mejía
|
0-0: Fly out, F8 (Flyball, 8RM)
|
Batting: LHB Mark Vestal
|
0-0: Foul Ball, location: 2F 0-1: Ball 1-1: Ball 2-1: Fly out, F8 (Flyball, 78M)
|
Bottom of the 1st over - 1 run(s), 2 hit(s), 0 error(s), 1 left on base; San Jose 0 - Albuquerque 1 |
TOP OF THE 2ND |
San Jose Missions batting - Pitching for Albuquerque Isotopes : RHP Jason Dodd
|
Batting: LHB Dave Marshall
|
0-0: Foul Ball, location: 2F 0-1: SINGLE (Flyball, 78S)
|
Batting: LHB Mel Jones
|
0-0: Ground out U3 (Groundball, 3S) Dave Marshall to second
|
Batting: RHB Mike Gordon
|
0-0: Ball 1-0: Ground out 5-3 (Groundball, 56)
|
Batting: RHB Cal Keys
|
0-0: Ball 1-0: Foul Ball, location: 2F 1-1: Ground out 6-3 (Groundball, 6)
|
Top of the 2nd over - 0 run(s), 1 hit(s), 0 error(s), 1 left on base; San Jose 0 - Albuquerque 1 |
BOTTOM OF THE 2ND |
Albuquerque Isotopes batting - Pitching for San Jose Missions : LHP Ron Seccombe
|
Batting: RHB Luis Martínez
|
0-0: Ball 1-0: Foul Ball, location: 2F 1-1: Called Strike 1-2: Ball 2-2: Ball 3-2: Strikes out swinging
|
Batting: LHB Pedro Vega
|
0-0: Foul Ball, location: 2F 0-1: Foul Ball, location: 2F 0-2: Ball 1-2: Foul Ball, location: 2F 1-2: Strikes out looking
|
Batting: RHB Adrián García
|
0-0: Called Strike 0-1: Fly out, F3 (Line Drive, 3)
|
Bottom of the 2nd over - 0 run(s), 0 hit(s), 0 error(s), 0 left on base; San Jose 0 - Albuquerque 1 |
TOP OF THE 3RD |
San Jose Missions batting - Pitching for Albuquerque Isotopes : RHP Jason Dodd
|
Batting: RHB Josh Powell
|
0-0: Foul Ball, location: 2F 0-1: Ball 1-1: Foul Ball, location: 2F 1-2: Ball 2-2: Foul Ball, location: 2F 2-2: Foul Ball, location: 2F 2-2: SINGLE (Groundball, 6)
|
Batting: RHB José Martínez
|
0-0: Ball 1-0: Ball 2-0: Called Strike 2-1: Ball 3-1: Called Strike 3-2: SINGLE (Groundball, 56D) Josh Powell to second
|
Batting: LHB Raúl García
|
0-0: Called Strike 0-1: Ball 1-1: Ball 2-1: Foul Ball, location: 2F 2-2: Ball 3-2: Foul Ball, location: 2F 3-2: Ground out 3-1 (Groundball, 34S) Josh Powell to third José Martínez to second
|
Batting: RHB Ed Starr
|
0-0: Ball 1-0: Ball 2-0: Ball 3-0: Called Strike 3-1: Called Strike 3-2: Foul Ball, location: 2F 3-2: Base on Balls
|
Batting: LHB Miguel Montés
|
0-0: Fly out, F8 (Flyball, 8RXD) Runner from 3rd tags up, SCORES, no throw
|
Batting: LHB Dave Marshall
|
0-0: Ball 1-0: Ball 2-0: Foul Ball, location: 2F 2-1: Called Strike 2-2: SINGLE (Groundball, 6MD) José Martínez to third Ed Starr to second Runner from 3rd tries for Home, SAFE, no throw or cutoff
|
Batting: LHB Mel Jones
|
0-0: Foul Ball, location: 2F 0-1: Fly out, F1 (Popup, 15S)
|
Top of the 3rd over - 2 run(s), 3 hit(s), 0 error(s), 2 left on base; San Jose 2 - Albuquerque 1 |
BOTTOM OF THE 3RD |
Albuquerque Isotopes batting - Pitching for San Jose Missions : LHP Ron Seccombe
|
Batting: RHB Edward Young
|
0-0: Ground out 5-3 (Groundball, 5S)
|
Batting: SHB José Sosa
|
0-0: Foul Ball, location: 2F 0-1: Swinging Strike 0-2: Ground out 2-3 (Groundball, 2L)
|
Batting: RHB Chris Terry
|
0-0: Ball 1-0: Ball 2-0: Called Strike 2-1: Ground out 5-3 (Groundball, 5)
|
Bottom of the 3rd over - 0 run(s), 0 hit(s), 0 error(s), 0 left on base; San Jose 2 - Albuquerque 1 |
TOP OF THE 4TH |
San Jose Missions batting - Pitching for Albuquerque Isotopes : RHP Jason Dodd
|
Batting: RHB Mike Gordon
|
0-0: Ball 1-0: Called Strike 1-1: Fly out, F8 (Line Drive, 8LS)
|
Batting: RHB Cal Keys
|
0-0: Ball 1-0: Ground out 5-3 (Groundball, 5S)
|
Batting: RHB Josh Powell
|
0-0: Called Strike 0-1: Called Strike 0-2: Strikes out swinging
|
Top of the 4th over - 0 run(s), 0 hit(s), 0 error(s), 0 left on base; San Jose 2 - Albuquerque 1 |
BOTTOM OF THE 4TH |
Albuquerque Isotopes batting - Pitching for San Jose Missions : LHP Ron Seccombe
|
Batting: RHB José Bautista
|
0-0: Ball 1-0: Ball 2-0: Called Strike 2-1: Ball 3-1: Base on Balls
|
Batting: LHB Manny Mejía
|
0-0: SINGLE (Flyball, 8LS) José Bautista to second
|
Batting: LHB Mark Vestal
|
0-0: Ball 1-0: Swinging Strike 1-1: Called Strike 1-2: Foul Ball, location: 2F 1-2: Foul Ball, location: 2F 1-2: Foul Ball, location: 2F 1-2: Ball 2-2: Fly out, F6 (Popup, 56D)
|
Batting: RHB Luis Martínez
|
0-0: Called Strike 0-1: Foul Ball, location: 2F 0-2: Foul Ball, location: 2F 0-2: SINGLE (Groundball, 6) José Bautista to third Manny Mejía to second Runner from 3rd tries for Home, throw and OUT! Manny Mejía to third Luis Martínez to second
|
Batting: LHB Pedro Vega
|
0-0: Swinging Strike 0-1: DOUBLE (Groundball, 3L) Manny Mejía scores Luis Martínez scores
|
Batting: RHB Adrián García
|
0-0: Fly out, F7 (Flyball, 7D)
|
Bottom of the 4th over - 2 run(s), 3 hit(s), 0 error(s), 1 left on base; San Jose 2 - Albuquerque 3 |
TOP OF THE 5TH |
San Jose Missions batting - Pitching for Albuquerque Isotopes : RHP Jason Dodd
|
Batting: RHB José Martínez
|
0-0: Ball 1-0: Ball 2-0: Swinging Strike 2-1: Fly out, F4 (Line Drive, 34)
|
Batting: LHB Raúl García
|
0-0: Called Strike 0-1: Fly out, F8 (Flyball, 8LM)
|
Batting: RHB Ed Starr
|
0-0: Swinging Strike 0-1: Ball 1-1: Foul Ball, location: 2F 1-2: Ball 2-2: Ball 3-2: Foul Ball, location: 2F 3-2: Fly out, F6 (Popup, 6M)
|
Top of the 5th over - 0 run(s), 0 hit(s), 0 error(s), 0 left on base; San Jose 2 - Albuquerque 3 |
BOTTOM OF THE 5TH |
Albuquerque Isotopes batting - Pitching for San Jose Missions : LHP Ron Seccombe
|
Batting: RHB Edward Young
|
0-0: Ball 1-0: Fly out, F7 (Line Drive, 7LS)
|
Batting: SHB José Sosa
|
0-0: Called Strike 0-1: Foul Ball, location: 2F 0-2: Ball 1-2: Foul Ball, location: 2F 1-2: Ground out 2-3 (Groundball, 2R)
|
Batting: RHB Chris Terry
|
0-0: Ball 1-0: Ground out 6-3 (Groundball, 6M)
|
Bottom of the 5th over - 0 run(s), 0 hit(s), 0 error(s), 0 left on base; San Jose 2 - Albuquerque 3 |
TOP OF THE 6TH |
San Jose Missions batting - Pitching for Albuquerque Isotopes : RHP Jason Dodd
|
Batting: LHB Miguel Montés
|
0-0: Ball 1-0: Ball 2-0: Fly out, F6 (Line Drive, 6)
|
Batting: LHB Dave Marshall
|
0-0: Ball 1-0: Ball 2-0: SINGLE (Groundball, 13) (infield hit)
|
Batting: LHB Mel Jones
|
0-0: Ball 1-0: Fly out, F8 (Flyball, 8LM)
|
Batting: RHB Mike Gordon
|
0-0: Fly out, F5 (Line Drive, 5L)
|
Top of the 6th over - 0 run(s), 1 hit(s), 0 error(s), 1 left on base; San Jose 2 - Albuquerque 3 |
BOTTOM OF THE 6TH |
Albuquerque Isotopes batting - Pitching for San Jose Missions : LHP Ron Seccombe
|
Batting: RHB José Bautista
|
0-0: Fly out, F7 (Line Drive, 7M)
|
Batting: LHB Manny Mejía
|
0-0: Ball 1-0: Ball 2-0: Ball 3-0: Called Strike 3-1: SINGLE (Groundball, 4MD)
|
Batting: LHB Mark Vestal
|
0-0: Foul Ball, location: 2F 0-1: Ground out 3-1 (Groundball, 34) Manny Mejía to second
|
Batting: RHB Luis Martínez
|
0-0: Ground out 6-3 (Groundball, 6M)
|
Bottom of the 6th over - 0 run(s), 1 hit(s), 0 error(s), 1 left on base; San Jose 2 - Albuquerque 3 |
TOP OF THE 7TH |
San Jose Missions batting - Pitching for Albuquerque Isotopes : RHP Jason Dodd
|
Pitching: RHP Manny Muñóz
|
|
Batting: RHB Cal Keys
|
0-0: Ball 1-0: Ground out 6-3 (Groundball, 6M)
|
Batting: RHB Josh Powell
|
0-0: Called Strike 0-1: Ball 1-1: Called Strike 1-2: Foul Ball, location: 2F 1-2: Foul Ball, location: 2F 1-2: Strikes out swinging
|
Batting: RHB José Martínez
|
0-0: Ball 1-0: Called Strike 1-1: Swinging Strike 1-2: Strikes out looking
|
Top of the 7th over - 0 run(s), 0 hit(s), 0 error(s), 0 left on base; San Jose 2 - Albuquerque 3 |
BOTTOM OF THE 7TH |
Albuquerque Isotopes batting - Pitching for San Jose Missions : LHP Ron Seccombe
|
Batting: LHB Pedro Vega
|
0-0: Ball 1-0: Swinging Strike 1-1: Ball 2-1: Ground out 4-3 (Groundball, 4)
|
Batting: RHB Adrián García
|
0-0: Ball 1-0: SINGLE (Groundball, 25) (infield hit)
|
Batting: RHB Edward Young
|
0-0: Ball Adrián García is caught stealing 2nd base 1-0: Called Strike 1-1: Ball 2-1: Ball 3-1: Base on Balls
|
Pinch Hitting: RHB Sze Qi
|
0-0: Ball 1-0: Called Strike 1-1: Fly out, F7 (Flyball, 78D)
|
Bottom of the 7th over - 0 run(s), 1 hit(s), 0 error(s), 1 left on base; San Jose 2 - Albuquerque 3 |
TOP OF THE 8TH |
San Jose Missions batting - Pitching for Albuquerque Isotopes : RHP Manny Muñóz
|
Pitching: RHP Arthur Smith
|
|
Now at 1B: Sze Qi
|
|
Batting: LHB Raúl García
|
0-0: Called Strike 0-1: Ball 1-1: Foul Ball, location: 2F 1-2: Ball 2-2: Fly out, F9 (Flyball, 9S)
|
Pitching: RHP Chris Spencer
|
|
Batting: RHB Ed Starr
|
0-0: Called Strike 0-1: Ball 1-1: Called Strike 1-2: Foul Ball, location: 2F 1-2: Foul Ball, location: 2F 1-2: Ball 2-2: Ball 3-2: Strikes out swinging
|
Pitching: LHP John Lane
|
|
Batting: LHB Miguel Montés
|
0-0: Called Strike 0-1: Hit by Pitch
|
Pinch Hitting: RHB Madidou El Sayed
|
0-0: Ground out 5-3 (Groundball, 56)
|
Top of the 8th over - 0 run(s), 0 hit(s), 0 error(s), 1 left on base; San Jose 2 - Albuquerque 3 |
BOTTOM OF THE 8TH |
Albuquerque Isotopes batting - Pitching for San Jose Missions : LHP Ron Seccombe
|
Now at 2B: Justin Simmons
|
|
Batting: RHB Chris Terry
|
0-0: Foul Ball, location: 2F 0-1: Ball 1-1: Ball 2-1: Ground out 1-3 (Groundball, 15)
|
Batting: RHB José Bautista
|
0-0: Ball 1-0: Ball 2-0: Ball 3-0: Called Strike 3-1: SINGLE (Line Drive, 7S)
|
Pinch Hitting: SHB Chris Atkinson
|
0-0: DOUBLE (Line Drive, 7LS) José Bautista to third
|
Pinch Hitting: RHB Juan Alberto
|
0-0: Called Strike 0-1: Ball 1-1: Foul Ball, location: 2F 1-2: Ball 2-2: Foul Ball, location: 2F 2-2: Foul Ball, location: 2F 2-2: Ball 3-2: Foul Ball, location: 2F 3-2: Base on Balls
|
Batting: RHB Luis Martínez
|
0-0: Ball 1-0: Called Strike 1-1: SINGLE (Groundball, 56D) José Bautista scores Chris Atkinson to third Juan Alberto to second
|
Pitching: RHP Gabriel Moore
|
|
Batting: LHB Pedro Vega
|
0-0: Foul Ball, location: 2F 0-1: Ball 1-1: Ball 2-1: Called Strike 2-2: Foul Ball, location: 2F 2-2: Strikes out swinging
|
Pinch Hitting: LHB A.J. Major
|
0-0: Ball 1-0: Ball 2-0: Foul Ball, location: 2F 2-1: Ball 3-1: Fly out, F8 (Line Drive, 8LM)
|
Bottom of the 8th over - 1 run(s), 3 hit(s), 0 error(s), 3 left on base; San Jose 2 - Albuquerque 4 |
TOP OF THE 9TH |
San Jose Missions batting - Pitching for Albuquerque Isotopes : LHP John Lane
|
Pitching: LHP Dave Rice
|
|
Now at 3B: Juan Alberto
|
|
Now in LF: A.J. Major
|
|
Now in CF: Tony McLaughlin
|
|
Batting: LHB Mel Jones
|
0-0: Called Strike 0-1: Called Strike 0-2: Ball 1-2: SINGLE (Line Drive, 5D)
|
Batting: RHB Mike Gordon
|
0-0: Ball 1-0: Ball 2-0: Called Strike 2-1: Foul Ball, location: 2F 2-2: Ground out 2-3 (Groundball, 23) Mel Jones to second
|
Batting: RHB Cal Keys
|
0-0: Called Strike 0-1: Called Strike 0-2: Foul Ball, location: 2F 0-2: Strikes out swinging
|
Pinch Hitting: RHB Luis Antonio Rosas
|
0-0: Swinging Strike 0-1: Foul Ball, location: 2F 0-2: Ball 1-2: DOUBLE (Groundball, 3D) Mel Jones scores
|
Batting: RHB José Martínez
|
0-0: Called Strike 0-1: Called Strike 0-2: Ball 1-2: Foul Ball, location: 2F 1-2: Ball 2-2: Ball 3-2: Strikes out swinging
|
Top of the 9th over - 1 run(s), 2 hit(s), 0 error(s), 1 left on base; San Jose 3 - Albuquerque 4 |
|